 Dungeon Sprint DCSS version 0.28.0-49-g6dfe1f597d (webtiles) character file.

Game seed: 6597099626982874221

0 GigaChad the Shield-Bearer (level 1, -8/19 HPs)
             Began as a Minotaur Fighter on May 11, 2022.
             Mangled by a wyvern (15 damage)
             ... in the Dungeon (Sprint II: "The Violet Keep of Menkaure").
             The game lasted 00:00:02 (10 turns).

GigaChad the Shield-Bearer (Minotaur Fighter)         Turns: 10, Time: 00:00:04

Health: -8/19      AC:  6    Str: 20    XL:     1   Next: 0%
Magic:  0/0        EV:  9    Int:  5    God:
Gold:   0          SH:  4    Dex:  9    Spells: 0/0 levels left

rFire   . . .      SeeInvis .   a - +0 long sword
rCold   . . .      Faith    .   c - +0 buckler
rNeg    . . .      Spirit   .   b - +0 scale mail
rPois   .          Reflect  .   (helmet restricted)
rElec   .          Harm     .   (no cloak)
rCorr   .          Rampage  .   (no gloves)
Will    .....      NoTele   +   (no boots)
Stlth   ..........              (no amulet)
HPRegen 0.06/turn               (no ring)
MPRegen 0.07/turn               (no ring)

@: no status effects
A: horns 2, retaliatory headbutt
a: no special abilities


You were in the Dungeon.
You visited 1 branch

Inventory:

Hand Weapons
 a - a +0 long sword (weapon)
Armour
 b - a +0 scale mail (worn)
 c - a +0 buckler (worn)
Scrolls
 j - a scroll of blinking
Potions
 d - a potion of might
 e - a potion of curing
 f - a potion of heal wounds
 g - a potion of haste
 h - 2 potions of magic
 i - a potion of berserk rage


   Skills:
 + Level 3.6 Fighting
 + Level 2.4 Long Blades
 + Level 3.6 Armour
 + Level 3.6 Shields


You couldn't memorise any spells.
You didn't know any spells.
Your spell library was empty.

Dungeon Overview and Level Annotations

Branches:
Dungeon (1/1)

Altars:


Innate Abilities, Weirdness & Mutations

You have a pair of horns on your head.
You reflexively headbutt those who attack you in melee.


Message History

Welcome, GigaChad the Minotaur Fighter.
Press ? for a list of commands and other information.
Found a staircase leading out of the dungeon.
As you open the door, it creaks loudly! 2 wyverns come into view.
The wyvern hisses angrily.
The wyvern bites you.
You block the wyvern's attack. x2; The wyvern bites you.
There is an open door here.
The wyvern closely misses you.
There is a staircase leading out of the dungeon here.
You hit the wyvern.
The wyvern is lightly wounded.
The wyvern barely misses you. x2; You furiously retaliate!
You headbutt the wyvern! You completely miss the wyvern.
The wyvern is heavily wounded.
The wyvern bites you. The wyvern barely misses you.
You closely miss the wyvern.
The wyvern is heavily wounded.
You block the wyvern's attack.
You hit the wyvern. You headbutt the wyvern!
The wyvern is almost dead.
The wyvern bites you.
The wyvern bites you but does no damage.
The wyvern barely misses you. You furiously retaliate!
You headbutt the wyvern. You completely miss the wyvern.
The wyvern is almost dead.
You hit the wyvern. Your headbutt misses the wyvern.
The wyvern is moderately wounded.
The wyvern barely misses you. You furiously retaliate!
You headbutt the wyvern.
You kill the wyvern!
The wyvern bites you!
Ouch! That really hurt!
You die...

## #+#
#.#
##†##.#
+.@l'#
##.##.#
#+# #.#
##


You could see a wyvern.

Vanquished Creatures
  A wyvern (D)
1 creature vanquished.

Notes
Turn   | Place    | Note
-------+----------+-------------------------------------------
     0 | D        | GigaChad the Minotaur Fighter began the quest for the Orb.
     0 | D        | Reached XP level 1. HP: 19/19 MP: 0/0
     1 | D        | Noticed a wyvern
     1 | D        | Noticed a wyvern
    10 | D        | Killed a wyvern
    10 | D        | Mangled by a wyvern

Illustrated notes

Levels and vault maps discovered:
D:        the_violet_keep_of_menkaure [sprint2_stairs_cluster_1,
          sprint2_shoproom, sprint2_temple, sprint2_basic_supplies,
          sprint2_obstacle_1, sprint2_obstacle_5, sprint2_obstacle_4,
          sprint2_obstacle_3, sprint2_obstacle_2, sprint2_timed_cluster_1,
          sprint2_smallroom_cluster_1, sprint2_smallroom_final_cluster_1,
          sprint2_transparent_cluster_1, sprint2_second_timed_cluster_1,
          sprint2_sniper_area_1, sprint2_heavy_combat_area_1,
          sprint2_mutation_trap_area_1, sprint2_forest_area_1,
          sprint2_light_combat_area_1, sprint2_behind_water_1,
          sprint2_near_end_vault_1]

Action                   || total
-------------------------++-------
Melee: Long sword        ||     6
       Headbutt          ||     1
Armor: Scale mail        ||     1
Dodge: Dodged            ||     6
Block: Buckler           ||     3
